 Dungeon Crawl Stone Soup version 0.22-a0-402-ga933591 (webtiles) character file.

490 KristoblXynda the Ruffian (level 6, -1/53 HPs)
             Began as a Troll Wizard on May 7, 2018.
             Was a Follower of Ashenzari.
             Slain by a black bear (12 damage)
             ... on level 4 of the Dungeon.
             The game lasted 00:10:23 (3180 turns).

KristoblXynda the Ruffian (Troll Wizard)            Turns: 3180, Time: 00:10:24

Health: -1/53      AC:  2    Str: 19    XL:     6   Next: 90%
Magic:  5/8        EV: 10    Int: 16    God:    Ashenzari [*.....]
Gold:   186        SH:  5    Dex: 12    Spells: 5/9 levels left

rFire    . . .     SeeInvis .   m - +0 flail "Jeutimi" {crush, *Corrode rElec Str+3 Dex+4} (curse)
rCold    . . .     Gourm    +   (no shield)
rNeg     . . .     Faith    .   a - +0 robe
rPois    .         Spirit   .   b - +1 hat
rElec    +         Reflect  +   (no cloak)
rCorr    .         Harm     .   (gloves unavailable)
MR       .....                  (boots unavailable)
Stlth    ++........             p - +5 amulet of reflection
HPRegen  0.57/turn              (no ring)
MPRegen  0.11/turn              (no ring)

@: corroded
A: large, unfitting armour, claws 3, fast metabolism 3, gourmand, regeneration
1, shaggy fur 1, tough skin 2
a: Curse Item, Scrying, Renounce Religion


You were on level 4 of the Dungeon.
You worshipped Ashenzari.
Ashenzari was aware of your devotion.
You were very full.

You visited 1 branch of the dungeon, and saw 4 of its levels.

You collected 186 gold pieces.

Inventory:

Hand Weapons
 m - the cursed +0 flail "Jeutimi" (weapon) {crush, *Corrode rElec Str+3 Dex+4}
   (You found it on level 1 of the Dungeon)

   It inflicts extra damage upon your enemies.
   It affects your strength (+3).
   It affects your dexterity (+4).
   It insulates you from electricity.
   It may corrode you when you take damage.
   It has a curse placed upon it.
 v - the +7 mace of Quafum {crush, MP-9 Int+6}
   (You found it on level 4 of the Dungeon)

   It inflicts extra damage upon your enemies.
   It affects your intelligence (+6).
   It affects your magic capacity (-9).
Armour
 a - a +0 robe (worn)
 b - a +1 hat (worn)
 g - +0 ice dragon scales
Jewellery
 o - an uncursed ring of flight
 p - a +5 amulet of reflection (around neck)
Scrolls
 e - 2 scrolls of enchant weapon
 n - 2 scrolls of teleportation
 r - a scroll of magic mapping
 s - a scroll of fog
Potions
 c - a potion of mutation {unknown}
 f - a potion of lignification
 h - 4 potions of brilliance {unknown}
 i - a potion of berserk rage {unknown}
 j - a potion of flight
 k - 3 potions of curing
 l - a potion of invisibility {unknown}
 q - 2 potions of heal wounds
 u - a potion of haste {unknown}
Comestibles
 d - 13 rations
 t - 2 chunks of flesh


   Skills:
 - Level 1.5 Dodging
 - Level 1.0 Stealth
 * Level 4.9 Unarmed Combat
 - Level 2.0 Spellcasting
 * Level 3.8 Conjurations
   Level 0.6 Summonings
   Level 0.6 Translocations


You had 5 spell levels left.
You knew the following spells:

 Your Spells              Type           Power        Failure   Level  Hunger
a - Magic Dart            Conj           ##..         4%          1    #......
b - Mephitic Cloud        Conj/Pois/Air  #.......     36%         3    ###....


Dungeon Overview and Level Annotations

Branches:
Dungeon (4/15)
 Temple: D:4-7

Altars:
Ashenzari
Cheibriados


Innate Abilities, Weirdness & Mutations

You are too large for most types of armour.
You have claws for hands.
Your metabolism is lightning-fast.
You like to eat raw meat.
Your natural rate of healing is unusually fast.
You are covered in fur. (AC +1)
You have very tough skin. (AC +2)


Message History

You block the black bear's attack. The black bear claws you.
The black bear closely misses you.
Unknown command.
The black bear bites you.
* * * LOW HITPOINT WARNING * * *
The black bear claws you.
* * * LOW HITPOINT WARNING * * *
The black bear closely misses you.
You hit the black bear.
The black bear is almost dead.
The black bear bites you.
* * * LOW HITPOINT WARNING * * *
The black bear claws you but does no damage.
The black bear claws you.
* * * LOW HITPOINT WARNING * * *
Your magical contamination has completely faded away.
An adder comes into view.
The black bear goes berserk!
You block the adder's attack.
You closely miss the adder. The adder misses you. The black bear bites you!
You die...

.......... #.
........#. #.
.......%#.#########.
........<...........
........#...........
........#...........
#####.##..........
#.h....#..........
#@###.............
#.S...............
#.####.#..........
#.# #......)......
#.# #.....####....
..........# #....
........#.# #....
........#.# #....
........# #....


You could see a black bear (berserk) and an adder.

Vanquished Creatures
  The ghost of quik the Charmwright, an amateur GnSk (D:3)
  2 ogres (D:4)
  A jelly (D:3)
  A centaur skeleton (D:4)
  A bullfrog skeleton (D:4)
  A worker ant (D:4)
  A gnoll (D:1)
  2 adders (D:2)
  A shadow imp (D:2)
  3 oozes
  3 worms
  2 dart slugs
  3 leopard geckos
  2 orcs
  9 bats
  3 giant cockroaches
  5 goblins
  9 hobgoblins
  4 jackals (D:4)
  7 kobolds
  A quokka (D:3)
  8 frilled lizards
  8 rats
78 creatures vanquished.

Notes
Turn   | Place    | Note
-------+----------+-------------------------------------------
     0 | D:1      | KristoblXynda the Troll Wizard began the quest for the Orb.
     0 | D:1      | Reached XP level 1. HP: 16/16 MP: 2/2
    86 | D:1      | Reached skill level 1 in Conjurations
   109 | D:1      | Reached skill level 1 in Unarmed Combat
   142 | D:1      | Reached XP level 2. HP: 23/24 MP: 4/4
   596 | D:1      | Reached XP level 3. HP: 31/31 MP: 5/5
   720 | D:1      | Got a fine flail
   721 | D:1      | Identified the cursed +0 flail "Jeutimi" {crush, *Corrode rElec Str+3 Dex+4} (You found it on level 1 of the Dungeon)
   881 | D:2      | Reached skill level 2 in Unarmed Combat
  1169 | D:2      | Found a shattered altar of Ashenzari.
  1172 | D:2      | Became a worshipper of Ashenzari the Shackled
  1336 | D:2      | Reached XP level 4. HP: 18/39 MP: 6/6
  2007 | D:3      | Noticed quik's ghost (amateur GnSk)
  2030 | D:3      | Reached skill level 3 in Unarmed Combat
  2074 | D:3      | Killed quik's ghost
  2074 | D:3      | Reached XP level 5. HP: 33/45 MP: 7/7
  2666 | D:4      | Identified the +7 mace of Quafum {crush, MP-9 Int+6}
  2753 | D:4      | Reached skill level 4 in Unarmed Combat
  2753 | D:4      | Reached XP level 6. HP: 43/53 MP: 8/8
  2771 | D:4      | Reached * piety under Ashenzari
  2963 | D:4      | Found a snail-covered altar of Cheibriados.
  3011 | D:3      | Learned a level 3 spell: Mephitic Cloud
  3180 | D:4      | Slain by a black bear

Vault maps used:
D:1:      saegor_arrival_simple_d, minivault_25, minivault_5
D:2:      cheibrodos_helix_gallery, ashenzari_conservatory_becter
D:3:      serial_bayou, serial_bayou_pond_e, serial_bayou_crossing,
          serial_bayou_pond_e, serial_bayou_ford_a, first_ration
D:4:      nicolae_overflow_crystal_walls

Skill      XL: |  1  2  3  4  5 |
---------------+----------------+-----
Conjurations   | 1 2 3 |  3.8
Unarmed Combat | 1 2 3 4 |  4.9
Dodging        | |  1.5
Stealth        | |  1.0
Spellcasting   | |  2.0
Summonings     | |  0.6
Translocations | |  0.6

Action                   |  1- 3 |  4- 6 || total
-------------------------+-------+-------++-------
Melee: Unarmed           |    68 |       ||    68
       Punch             |     1 |     5 ||     6
       Flail             |    65 |   170 ||   235
 Cast: Magic Dart        |       |    26 ||    26
  Use: Scroll            |    10 |     2 ||    12
       Potion            |       |     1 ||     1
 Stab: Sleeping          |     4 |     1 ||     5
  Eat: Chunk             |    18 |    18 ||    36
Armor: Robe              |    75 |    54 ||   129
       Skin              |       |    36 ||    36
Dodge: Dodged            |    67 |    78 ||   145
Block: Other             |       |    39 ||    39

Table legend:
 A = Spawn XP
 B = Non-spawn XP
 C = Spawn XP percentage of total XP
 D = Spawn monster count
 E = Non-spawn monster count
 F = Spawn count percentage of total count
 G = Total turns spent on level
                    A         B        C        D         E        F      G
               +---------+---------+-------+---------+---------+-------+---------
         Total |       0 |     700 |   0.0 |       0 |      78 |   0.0 |  3180
               +---------+---------+-------+---------+---------+-------+---------
           D:1 |       0 |      46 |   0.0 |       0 |      21 |   0.0 |   784
           D:2 |       0 |      76 |   0.0 |       0 |      24 |   0.0 |  1037
           D:3 |       0 |     216 |   0.0 |       0 |      20 |   0.0 |   845
           D:4 |       0 |     362 |   0.0 |       0 |      13 |   0.0 |   514
               +---------+---------+-------+---------+---------+-------+---------
